Workbook

Sheet ①自主点検表
A1: 事前提出資料① 自主点検表【指定（介護予防）認知症対応型共同生活介護】
A3: ○自主点検表について この自主点検表は、指定地域密着型介護サービス事業者及び指定地域密着型介護予防サービス事業者が、そのサービスの提供に当たり、介護保険法及び関係法令等の内容が遵守されているか点検するための様式です。 運営指導の有無に関わらず、この様式を使用して積極的な自主点検をお願いします。
A6: ○作成方法 管理者（施設長）が中心となり、点検事項をよく確認しながら、担当する従業者と検討の上、次のとおり作成してください。 ・評価…『Ａ：できている Ｂ：一部できている Ｃ：できていない ＝：事例なし又は非該当』を入力欄（セル）のプルダウンメニューから選択してください。 ・点検事項…記入が必要な欄について、必要事項を記入又は入力欄（セル）のプルダウンメニューから選択してください。また、「(選)」と書かれている欄については『○：適切、該当等 ×：不適切、非該当等 ＝：事例なし』を入力欄（セル）のプルダウンメニューから選択してください。 市による事業者への運営指導が行われるときは、直近の内容により作成し、運営指導実施日の２週間前までに他の資料と共に監査指導課へ提出して下さい。なお、この場合、必ず自主点検表の控えを保管してください。 点検記録の保管の観点からデータでの作成を推奨します。手書きで作成する場合には、上記の作成方法のとおり記入又は選択してください。
A14: ○凡例（根拠法令等） 法 ……………… 介護保険法（H9.12.17法律第123号） 施行規則 ……… 介護保険法施行規則（H11.3.31厚生省令第36号） 条例 …………… 太田市指定地域密着型サービスの事業の人員、設備及び運営に関する基準を定める条例 （H25.3.21条例第9号） 予防条例 ……… 太田市指定地域密着型介護予防サービスの事業の人員、設備及び運営並びに指定地域密着型介護予防 サービスに係る介護予防のための効果的な支援の方法に関する基準を定める条例（H25.3.21条例第10号） 規則 …………… 太田市指定地域密着型サービス事業所、指定地域密着型介護予防サービス事業所及び指定居宅介護 支援事業所の指定等に関する規則（H18.3.29規則第15号） 解釈通知 ……… 指定地域密着型サービス及び指定地域密着型介護予防サービスに関する基準について （H18.3.31老計発第0331004号・老振発第0331004号・老老発第0331017号） 報酬告示 ……… 指定地域密着型サービスに要する費用の額の算定に関する基準（H18.3.14厚生労働省告示第126号） 予防報酬告示 … 指定地域密着型介護予防サービスに要する費用の額の算定に関する基準 （H18.3.14厚生労働省告示第128号） 留意事項 ……… 指定地域密着型サービスに要する費用の額の算定に関する基準及び指定地域密着型介護予防サービス に要する費用の額の算定に関する基準の制定に伴う実施上の留意事項について （H18.3.31老計発0331005・老振発0331005・老老発0331018）
A27: 事業者名：
A28: 作成者：
A29: 作成日： | D29: 令和 | H29: 年 | L29: 月 | P29: 日
A31: 第１ 基本方針
A32: 点 検 事 項 | AF32: 評価 | AG32: 根 拠 法 令 等
A33: 要介護者 | F33: 要介護者であって認知症であるものについて、共同生活住居において、家庭的な環境と地域住民との交流の下で入浴、排せつ、食事等の介護その他の日常生活上の世話及び機能訓練を行うことにより、利用者がその有する能力に応じ自立した日常生活を営むことができるようにするものとなっているか。 | AG33: 条例第109条
AG34: 解釈通知第三・五1
A37: 要支援者 （要支援２のみ） | F37: 認知症である利用者が可能な限り共同生活住居において、家庭的な環境と地域住民との交流の下で入浴、排せつ、食事等の介護その他の日常生活上の支援及び機能訓練を行うことにより、利用者の心身機能の維持回復を図り、もって利用者の生活機能の維持又は向上を目指すものとなっているか。 | AG37: 予防条例第70条
AG38: 解釈通知第四・三3(1)
A42: 第２ 人員基準
A43: 点 検 事 項 | AF43: 評価 | AG43: 根 拠 法 令 等
A44: １．従業者の員数等 | F44: (1) 当該事業所を構成する共同生活住居ごとに、夜間及び深夜の時間帯以外の時間帯に指定（介護予防）認知症対応型共同生活介護の提供に当たる介護従業者を、常勤換算方法で、当該共同生活住居の利用者の数が３又はその端数を増すごとに１以上とするほか、夜間及び深夜の時間帯を通じて１以上の介護従業者に夜間及び深夜の勤務（宿直勤務を除く。）を行わせるために必要な数以上としているか。 ただし、当該事業所の有する共同生活住居の数が３である場合において、当該共同生活住居が全て同一の階において隣接し、介護従事者が円滑な利用者の状況把握及び速やかな対応を行うことが可能な構造である場合であって、事業者による安全対策が講じられ、利用者の安全性が確保されていると認められるときは、夜間及び深夜の時間帯に事業所ごとに置くべき介護従事者は、夜間及び深夜の時間帯を通じて２以上の介護従業者に夜間及び深夜の勤務を行わせるために必要な数以上とすることができる。 利用者の数は、前年度の平均値とする。ただし、新規に指定を受ける場合は、推定数による。 | AG44: 条例第110条第1項及び第2項
AG45: 予防条例第71条第1項及び第2項
AG46: 解釈通知第三・五2(1)②イ
G59: 小数点第２位以下を切り上げ、小数点第１位まで記入してください。
G60: 前年度利用者平均数
M61: 人
F63: (2) 介護従業者のうち１人以上の者は、常勤となっているか。 | AG63: 条例第110条第3項
AG64: 予防条例第71条第3項
F65: (3) 事業所ごとに、保健医療サービス又は福祉サービスの利用に係る計画の作成に関し知識及び経験を有する者であって（介護予防）認知症対応型共同生活介護計画の作成を担当させるのに適当と認められるものを専らその職務に従事する計画作成担当者としているか。ただし、利用者の処遇に支障がない場合は、当該事業所における他の職務に従事（管理者との兼務を含む）することができる。 （以下の「計画作成担当者の情報」に詳細を記入。以下(6)まで同じ。） | AG65: 条例第110条第5項
AG66: 予防条例第71条第5項
AG67: 解釈通知第三・五2(1)③イ及びチ
F72: (4) (3)の計画作成担当者は、別に厚生労働大臣が定める研修（都道府県、指定都市及び中核市が実施する「実践者研修」又は「基礎課程」）を修了している者か。 | AG72: 条例第110条第6項
AG73: 予防条例第71条第6項
AG74: 解釈通知第三・五2(1)③ヘ
F75: (5) 計画作成担当者は、(4)において必要とされる研修に加え、更に専門性を高めるための研修を受講するよう努めているか。 | AG75: 解釈通知第三・五2(1)③ト
F78: (6) (3)の計画作成担当者のうち１以上の者は、介護支援専門員をもって充てているか。また、その者は、介護支援専門員でない他の計画作成担当者の業務を監督するものとしているか。 ただし、併設する指定（介護予防）小規模多機能型居宅介護事業所又は指定看護小規模多機能型居宅介護事業所の介護支援専門員との連携を図ることにより当該事業所の効果的な運営を期待することができる場合であって、利用者の処遇に支障がないときは、介護支援専門員を置かないことができる。（計画作成担当者の配置は必要） ただし、サテライト事業所については、介護支援専門員である計画作成担当者に代えて、(4)の研修を修了している者を置くことができる。 | AG78: 条例第110条第7項、第8項、第9項
AG79: 予防条例第71条第7項及び第8項
AG80: 解釈通知第三・五2(1)③ニ及びホ
F87: 計画作成担当者を1人配置する事業所にあっては、当該計画作成担当者は介護支援専門員をもって充てなければならない。 計画作成担当者を1を超えて配置する事業所にあっては、計画作成担当者のうち少なくとも１人は介護支援専門員をもって充てなければならない。 | AG87: 解釈通知第三・五2(1)③ロ
AG89: 解釈通知第三・五2(1)③ハ
F92: 介護支援専門員でない計画作成担当者は、特別養護老人ホームの生活相談員や介護老人保健施設の支援相談員その他の認知症である者の介護サービスに係る計画の作成に関し実務経験を有すると認められる者をもって充てることができるものとする。 | AG92: 条例第110条第10項
AG93: 予防条例第71条第9項
G96: ■計画作成担当者の情報（複数名の場合は、全員分を記入してください）
G97: 氏名 | M97: 研修種別 | R97: 修了年月日 | W97: 専門員証の有効期間
AC98: まで
G99: 更に専門性を高めるための研修 | Z99: 修了年月日
G102: 氏名 | M102: 研修種別 | R102: 修了年月日 | W102: 専門員証の有効期間
AC103: まで
G104: 更に専門性を高めるための研修 | Z104: 修了年月日
F107: 指定認知症対応型共同生活介護事業と指定介護予防認知症対応型共同生活介護事業を併せて指定を受け、かつ両事業が同一の事業所において一体的に運営されている場合については、一方の人員基準を満たすことにより、もう一方の人員基準を満たしているものとみなすことができる。 | AG107: 条例第110条第11項
AG108: 予防条例第71条第10項
A114: 点 検 事 項 | AF114: 評価 | AG114: 根 拠 法 令 等
F115: (7) サテライト型指定（介護予防）認知症対応型共同生活介護事業所の実施に当たって、次の要件を満たしているか。 ① サテライト事業所に係る事業者は、指定居宅サービス事業等その他の保健医療又は福祉に関する事業（指定認知症対応型共同生活介護以外の事業でも可）について3年以上の経験を有さなければならない。 ② サテライト事業所が有すべき本体事業所（当該事業所に対する支援機能を有する事業所）とは、次のいずれかに該当する事業所でなければならない。 ア 事業開始以降1年以上本体事業所としての実績を有する イ 利用者の合計数が、定められた入居定員の100分の70を超えたことがある ③ 本体事業所との密接な連携を確保しつつ運営するため、次に掲げる要件を全て満たさなければならない。 ア 本体事業所との距離は、自動車等による移動に要する時間が概ね20分以内 イ サテライト事業所の共同生活住居の合計数が、本体事業所のそれを上回らない ウ 本体事業所とサテライト事業所の共同生活住居の数の合計は、最大4まで ④ 本体事業所は、当該サテライト事業所へ駆けつけることができる体制や適切な指示ができる連絡体制などを確保するほか、管理者が同一である場合には、次に掲げる要件を全て満たさなければならない。 ア 利用申し込みに係る調整、サービス提供状況の把握、職員に対する技術指導 等が一体的に行われること イ 職員の勤務体制、勤務内容等が一元的に管理されること（必要な場合に随時、 相互支援が行える体制） ウ 苦情処理や損害賠償等に際して、一体的な対応ができる体制があること エ 事業の目的や運営方針等について同一の運営規程が定められること オ 人事、給与・福利厚生等の勤務条件等による職員管理が一元的に行われてい ること ⑤ 本体事業所とサテライト事業所は、同一の日常生活圏域内に所在することが望ましいが、隣接する市町村における事業所とすることも差し支えない。 | AG115: 解釈通知第三・五2(1)①
A142: ２．管理者 | F142: (1) 共同生活住居ごとに専らその職務に従事する常勤の管理者を置いているか。 ただし、当該管理者は、共同生活住居の管理上支障がない場合は、当該共同生活住居の他の職務、当該事業所の介護従業者としての職務に従事し、又は他の事業所、施設等の職務に従事することができる。 また、共同生活住居の管理上支障がない場合は、サテライト型事業所における管理者は、本体事業所における管理者をもって充てることができる。 （以下の「管理者の情報」に詳細を記入。以下(２)において同じ。） | AG142: 条例第111条第1項及び第2項
AG143: 予防条例第72条第1項
AG144: 解釈通知第三・五2(2)①
F149: (2) 共同生活住居の管理者は、適切な指定（介護予防）認知症対応型共同生活介護を提供するために必要な知識及び経験を有し、特別養護老人ホーム、老人デイサービスセンター、介護老人保健施設、介護医療院、指定認知症対応型共同生活介護事業所等の従業者又は訪問介護員等として、３年以上認知症である者の介護に従事した経験を有する者であって、別に厚生労働大臣が定める研修（認知症対応型サービス事業管理者研修）を修了している者か。 | AG149: 条例第111条第3項
AG150: 予防条例第72条第3項
AG151: 解釈通知第三・五2(2)②〈第三・四2(2)②参照〉
G156: ■管理者の情報（複数名の場合は、全員分を記入してください）
G157: 氏名 | M157: 研修種別 | R157: 修了年月日 | W157: 兼務職種（該当の場合）
A161: ３．代表者 | F161: 指定（介護予防）認知症対応型共同生活介護事業者の代表者は、特別養護老人ホーム、老人デイサービスセンター、介護老人保健施設、介護医療院、指定認知症対応型共同生活介護事業所等の従業者又は訪問介護員等として、認知症である者の介護に従事した経験を有する者又は保健医療サービス若しくは福祉サービスの提供を行う事業の経営に携わった経験を有する者であって、別に厚生労働大臣が定める「認知症対応型サービス事業開設者研修」を修了しているものとなっているか。 なお、既に「実践者研修又は実践リーダー研修」、「認知症高齢者グループホーム管理者研修」、「基礎課程又は専門課程」、「認知症介護指導者研修」、「認知症高齢者グループホーム開設予定者研修」を修了している者に新たに研修を義務付けるものでない。 （以下の「代表者の情報」に詳細を記入。） | AG161: 条例第112条
AG162: 予防条例第73条
AG163: 解釈通知第三・五2(3)〈第三・四2(3)参照〉
G173: ■代表者の情報
G174: 氏名 | M174: 研修種別 | W174: 修了年月日
A179: 点 検 事 項 | AF179: 評価 | AG179: 根 拠 法 令 等
A180: ４．労務管理 | F180: (1) 従業者との労働契約の締結に際し、労働者に対して賃金、労働時間その他の労働条件を明示しているか。また、この場合において、賃金及び労働時間に関する事項その他厚生労働省令で定める事項については、当該事項が明らかとなる書面を交付しているか。 | AG180: 労働基準法（S22.4.7法律第49号）第15条
AG182: 労働基準法施行規則（S22.8.30厚生省令第23号）第5条
F184: (2) 夜間の勤務を宿直体制としている場合、労働基準監督署の宿直許可を得ているか。宿直許可を得ている場合、所定の宿直回数を超えたり通常の労働に従事させる等、許可した条件と異なった勤務になっていないか。 | AG184: 労働基準法（S22.4.7法律第49号）第41条第3号
AG186: 労働基準法施行規則（S22.8.30厚生省令第23号）第23条
G187: 宿直許可を得た日 | N187: 令和 | Q187: 年 | T187: 月 | W187: 日
F189: (3) 夜間の勤務を通常の勤務体制（夜勤）としている場合、変形労働時間制等労働基準法等に基づく必要な措置を講じているか。 | AG189: 労働基準法（S22.4.7法律第49号）第32条の2及び第32条の4
F192: (4) 賃金は、労働基準法、最低賃金法等に基づいた適正な水準以上の額となっているか。 | AG192: 労働基準法（S22.4.7法律第49号）第28条
AG194: 最低賃金法（S34.4.15法律第137号）
F195: (5) 法定労働時間を超えて時間外労働等を行わせる場合は、労働者の代表と書面による協定を締結し、労働基準監督署に届け出ているか。 | AG195: 労働基準法（S22.4.7法律第49号）第36条
G197: 締結日 | K197: 令和 | N197: 年 | Q197: 月 | T197: 日
G198: 協定期間 | K198: 令和 | N198: 年 | Q198: 月 | T198: 日 | U198: ～ | V198: 令和 | Y198: 年 | AB198: 月 | AE198: 日
G199: 労働基準監督署への届出日 | Q199: 令和 | T199: 年 | W199: 月 | Z199: 日
F201: (6) 労働者を雇い入れるときは、次に掲げる項目について健康診断を実施しているか。ただし、医師による健康診断を受けた後、三月を経過しない者を雇入れる場合において、その者が当該健康診断の結果を証明する書面を提出したときは、上記の項目に相当する項目については、この限りではない。 | AG201: 労働安全衛生法（S47.6.8法律第57号）第66条
AG203: 労働安全衛生規則（S47.9.30労働省令第32号）第43条
G205: 項 目 | AB205: 判定(選) | AG205: 労働安全衛生規則第四十四条第二項の規定に基づき厚生労働大臣が定める基準（H10.6.24労働省告示第88号）
G206: ① 既往歴及び業務歴の調査
G207: ② 自覚症状及び他覚症状の有無の検査
G208: ③ 身長＊、体重、腹囲＊、視力及び聴力の検査
G209: ④ 胸部エックス線検査＊
G210: ⑤ 血圧の測定
G211: ⑥ 貧血検査＊
G212: ⑦ 肝機能検査＊
G213: ⑧ 血中脂質検査＊
G214: ⑨ 血糖検査＊
G215: ⑩ 尿検査
G216: ⑪ 心電図検査＊
F218: (7) 常時使用する労働者に対し１年以内ごとに１回、(6)に掲げる項目について健康診断を実施しているか（④について、「及び喀痰検査＊」を追加）。なお、＊については、厚生労働大臣が定める基準に基づき医師が必要でないと認めるときは省略することができる（以下(8)において同じ）。 | AG218: 労働安全衛生法（S47.6.8法律第57号）第66条
AG220: 労働安全衛生規則（S47.9.30労働省令第32号）第44条
G222: 実施年月日 | L222: 令和 | O222: 年 | R222: 月 | U222: 日
F224: (8) 夜勤者に対し６月以内ごとに１回、(6)に掲げる項目について健康診断を実施しているか。 | AG224: 労働安全衛生法（S47.6.8法律第57号）第66条
AG226: 労働安全衛生規則（S47.9.30労働省令第32号）第45条
G227: 実施年月日 | L227: 令和 | O227: 年 | R227: 月 | U227: 日
F229: (9) (6)から(8)の健康診断の実施に係る費用は、事業者が負担しているか。 | AG229: 労働安全衛生法および同法施行令の施行について（S47.9.18基発第602号）Ⅰ13(2)イ
F232: （10） 育児休業、介護休業、子の看護休暇等に関する規程の整備がされているか。 | AG232: 育児休業、介護休業等育児又は家族介護を行う労働者の福祉に関する法律（H3.5.15法律第76号）
A237: 第３ 設備基準
A238: 点 検 事 項 | AF238: 評価 | AG238: 根 拠 法 令 等
A239: １．設備及び備品等 | F239: (1) 共同生活住居（ユニット）を有するものとし、その数は１以上3以下（サテライト事業所にあっては、1又は2）としているか。 | AG239: 条例第113条第1項
AG240: 予防条例第74条第1項
...

Sheet ②加算等自己点検シート
A1: 事前提出書類② 各種加算等自己点検シート【 指定（介護予防）認知症対応型共同生活介護費】
A3: 点検項目 | B3: 算定有 | C3: 点検事項 | AB3: 点検結果 | AD3: 根拠法令等
A4: （介護予防）短期利用認知症対応型共同生活介護費 | B4: □ | C4: 事業を行う者が、指定居宅サービス、指定地域密着型サービス、指定居宅介護支援、指定介護予防サービス、指定地域密着型介護予防サービス若しくは指定介護予防支援の事業又は介護保険施設若しくは指定介護療養型医療施設の運営について３年以上の経験を有する | AB4: □ | AC4: 該当 | AD4: ・報酬告示 別表５ロ ・予防報酬告示 別表３ロ ・留意事項 第二６(１)
C5: 事業所の共同生活住居の定員の範囲内で、空いている居室等を利用（ただし、共同生活住居ごとに利用定員は１名） ※ 緊急の場合を除く | AB5: □ | AC5: 該当
C6: あらかじめ30日以内の利用期間を定めている ※ 緊急の場合は７日を限度 | AB6: □ | AC6: 該当
C7: 十分な知識を有する従業者の確保（認知症介護実務者研修のうち「専門課程」、認知症介護実践研修のうち「実践リーダー研修」若しくは「認知症介護実践リーダー研修」又は認知症介護指導者養成研修を修了している者の配置） | AB7: □ | AC7: 該当
C8: 人員基準欠如減算に当たらない | AB8: □ | AC8: 該当
A9: 定員超過利用減算 （70／100を算定） | B9: □ | C9: 事業所の利用定員を上回る利用者を利用させている （ただし、災害等のやむを得ない理由を除く） | AB9: □ | AC9: 該当 | AD9: ・報酬告示 別表５ロ注１ ・予防報酬告示 別表３ロ 注１
A10: 夜勤体制による減算 （97／100を算定） | B10: □ | C10: 共同生活住居ごとに夜勤を行う介護従業者数が１を下回る事態が、 ①２日以上連続して発生した 又は、②月に４日以上発生した | AB10: □ | AC10: 該当 | AD10: ・報酬告示 別表５ロ注１ ・予防報酬告示 別表３ロ 注１
A11: 人員基準欠如減算 （70／100を算定） | B11: □ | C11: 事業所の職員の配置数が人員基準上満たすべき員数を下回っている | AB11: □ | AC11: 該当 | AD11: ・報酬告示 別表５ロ注１ ・予防報酬告示 別表３ロ 注１
A12: 身体拘束廃止未実施減算 （10/100を減算）、 （短期利用 1/100を減算） | B12: □ | C12: 緊急やむを得ない身体的拘束について、その態様及び時間、その際の利用者の心身の状況並びに緊急やむを得ない理由を記録 | AB12: □ | AC12: 未実施 | AD12: ・報酬告示 別表５ロ注２ ・予防報酬告示 別表３ロ 注２ ・留意事項 第二６(２)
C13: 身体的拘束等の適正化のための対策を検討する委員会を３月に１回以上開催するとともに、その結果について介護従業者その他の従業者に周知徹底 | AB13: □ | AC13: 未実施
C14: 身体的拘束等の適正化のための指針を整備 | AB14: □ | AC14: 未整備
C15: 身体的拘束等の適正化のための研修を実施 | AB15: □ | AC15: 未実施
A16: 高齢者虐待防止措置未実施減算 （1/100を減算） | B16: □ | C16: 事業所において次の措置を講じていない | AD16: ・報酬告示 別表５ロ注３ ・予防報酬告示 別表３ロ 注３ ・留意事項 第二６(３) | AE16: R6.11.8「措置」追記
D17: 高齢者虐待防止のための対策を検討する委員会を定期的に開催するとともに、その結果について介護従業者その他の従業者に周知徹底 | AB17: □ | AC17: 未実施
D18: 高齢者虐待防止のための指針を整備 | AB18: □ | AC18: 未整備
D19: 高齢者虐待防止のための年2回以上の研修を実施 | AB19: □ | AC19: 未実施
D20: 高齢者虐待防止措置を適正に実施するための担当者を置く | AB20: □ | AC20: 未実施
A21: 業務継続計画未策定減算 （3/100を減算） | B21: □ | C21: 感染症や非常災害の発生時において、利用者に対するサービスの提供を継続的に実施するための、及び非常時の体制で早期の業務再開を図るための計画（業務継続計画）を策定 | AB21: □ | AC21: 未実施 | AD21: ・報酬告示 別表５ロ注４ ・予防報酬告示 別表３ロ 注４ ・留意事項 第二６(４)
A22: 夜勤体制による減算 ※ ３ユニットの場合の例外的取扱い （50単位を減算） | B22: □ | C22: 共同生活住居の数が３の事業所で、夜勤を行う職員の員数を２以上としている | AB22: □ | AC22: 該当 | AD22: ・報酬告示 別表５ロ注５ ・予防報酬告示 別表３ロ 注５
A23: 夜間支援体制加算（Ⅰ） ※ １ユニットの場合 | B23: □ | C23: 夜勤を行う介護従業者及び宿直勤務に当たる者の合計数が２以上 | AB23: □ | AC23: 該当 | AD23: ・報酬告示別表５ロ注６ ・予防報酬告示 別表３ロ 注６ ・留意事項 第二６（５）
C24: 定員超過利用、人員基準欠如減算に当たらない | AB24: □ | AC24: 該当
A25: 夜間支援体制加算（Ⅱ） ※ ２ユニット以上の場合 | B25: □ | C25: 夜勤を行う介護従業者及び宿直勤務に当たる者の合計数が、事業所を構成する共同生活住居の数に１を加えた数以上 | AB25: □ | AC25: 該当
C26: 定員超過利用、人員基準欠如減算に当たらない | AB26: □ | AC26: 該当
A27: 認知症行動・心理症状緊急対応加算 | B27: □ | C27: 短期利用認知症対応型共同生活介護（介護予防含む。以下同じ）の利用者が対象 ※ 病院又は診療所の入院中の者、介護保険施設又は地域密着型介護老人福祉施設に入院又は入所中の者、認知症対応型共同介護、地域密着型特定施設入居者生活介護、特定施設入居者生活介護、短期入所生活介護、短期入所療養介護及び短期利用共同生活介護、短期利用特定施設入居者生活介護及び地域密着型短期利用特定施設入居者生活介護の利用中の者が、直接、短期利用認知症対応型共同生活介護を利用した場合を除く | AB27: □ | AC27: 該当 | AD27: ・報酬告示 別表５ロ注７ ・予防報酬告示 別表３ロ 注７ ・留意事項 第二６（６）
C28: 医師が緊急に短期利用認知症対応型共同生活介護を利用することが適当と判断した者に提供した場合 | AB28: □ | AC28: 該当
C29: 介護支援専門員及び受入れ事業所が連携し、利用者又は家族の同意を得て短期利用認知症対応型共同生活介護の利用を開始 | AB29: □ | AC29: 該当
C30: 判断を行った医師は症状、判断の内容等を診療録等に、事業所は判断を行った医師名、日付及び利用開始にあたっての留意事項等を介護サービス計画書に記録 | AB30: □ | AC30: 該当
C31: 利用開始日から起算して７日以内を限度として算定 | AB31: □ | AC31: 該当
A32: 若年性認知症利用者受入加算 | B32: □ | C32: 若年性認知症利用者ごとに個別に担当者を定め、その担当者を中心に当該利用者の特性やニーズに応じたサービスの提供 | AB32: □ | AC32: 該当 | AD32: ・報酬告示 別表５ロ注８ ・予防報酬告示 別表３ロ 注８ ・留意事項 第二６（７）
C33: 認知症行動・心理症状緊急対応加算の対象者でない | AB33: □ | AC33: 該当
A34: 初期加算 | B34: □ | C34: 入居日から起算して30日以内（30日を超える病院又は診療所への入院の後に再度入居した場合も同様） | AB34: □ | AC34: 該当 | AD34: ・報酬告示 別表５ハ ・予防報酬告示 別表３ハ ・留意事項 第二６（10）
C35: 過去３月間（ただし、日常生活自立度ランクⅢ、Ⅳ又はＭの場合は過去１月間）の間に、当該事業所に入居したことがない利用者 または、30日を超える病院又は診療所への入院の後に再度入居した利用者 | AB35: □ | AC35: 該当
C36: 短期利用認知症対応型共同生活介護を利用していた者が日を空けることなく引き続き当該（介護予防）認知症対応型共同生活介護を利用する場合、30日から短期利用認知症対応型共同生活介護の日数を控除して算定 | AB36: □ | AC36: 該当
A37: 利用者が入院した時の費用 | B37: □ | C37: あらかじめ入院後３月以内に退院することが明らかに見込まれる | AB37: □ | AC37: 該当 | AD37: ・報酬告示 別表５ロ注９ ・予防報酬告示 別表３ロ 注９ ・留意事項 第二６(８)
C38: 利用者及びその家族の同意の上での入退院の手続きや、その他の個々の状況に応じた便宜を図っている | AB38: □ | AC38: 該当
C39: 入院の期間に初日及び最終日を含まないので、連続して8日間入院を行う場合は6日と計算 | AB39: □ | AC39: 該当
C40: 算定期間中は、当該利用者の居室を空けておく ※ 当該利用者の同意があれば、その居室を短期利用認知症対応型共同生活介護等に活用することは可。ただしこの場合、入院時の費用を算定しない | AB40: □ | AC40: 該当
C41: １月に６日を限度に算定（１回の入院で月をまたがる場合は、最大で12日分まで算定） | AB41: □ | AC41: 該当
C42: 入院期間中、必要に応じて、入退院の手続きや家族、当該医療機関への連絡調整、情報提供などの業務にあたる | AB42: □ | AC42: 該当
A43: 看取り介護加算 ※ 介護予防除く | B43: □ | C43: 医師が医学的知見に基づき回復の見込みがないと診断した者 | AB43: □ | AC43: 該当 | AD43: ・報酬告示 別表５ロ注10 ・留意事項 第二６（９）
C44: 看取りに関する指針を定め、入居の際に指針の内容を利用者又は家族に対して説明し、同意を得ている | AB44: □ | AC44: 該当
C45: 医師、看護・介護職員、介護支援専門員その他の職種の者による協議の上、看取りの実績等を踏まえ、適宜指針の見直しを実施 | AB45: □ | AC45: 該当
C46: 看取りに関する職員研修の実施 | AB46: □ | AC46: 該当
C47: 看取り介護の実施に当たり、終末期にたどる経過、事業所等において看取りに際して行いうる医療行為の選択肢、医師や医療機関との連携体制などについて、利用者に関する記録を活用した説明資料の写しを提供し、利用者又はその家族等に継続的に説明 | AB47: □ | AC47: 該当
C48: 次に掲げる事項を介護記録等に記録し、医師、看護・介護職員、介護支援専門員等による適切な情報提供に努めている ・終末期の身体症状の変化及びこれらに対する介護等の記録 ・療養や死別に係る利用者及び家族の精神状態の変化及びこれらに対するケアの記録 ・看取り介護の各プロセスにおいて把握した利用者又は家族の意向と、それに基づくアセスメント及び対応についての記録 | AB48: □ | AC48: 該当
C49: 退居した日の翌日から死亡日の間は算定しない | AB49: □ | AC49: 該当
C50: 医療連携体制加算を算定 | AB50: □ | AC50: 該当
A51: 協力医療機関連携加算 ※ 介護予防除く | B51: □ | C51: 協力医療機関との間で、利用者の同意を得て、病歴等の情報を共有する会議を定期的に開催している | AB51: □ | AC51: 該当 | AD51: ・報酬告示 別表５ニ ・留意事項 第二６（11）
C52: 医療連携体制加算を算定 | AB52: □ | AC52: 該当
A53: 医療連携体制加算(Ⅰ)イ ※ 介護予防除く | B53: □ | C53: 事業所の職員として看護師を常勤換算法で１名以上配置 | AB53: □ | AC53: 該当 | AD53: ・報酬告示 別表５ホ注(1) ・留意事項 第二６（12） | AE53: 厚生労働大臣が定める施設基準三十四 参照
C54: 当該事業所の看護師又は病院、診療所若しくは指定訪問看護ステーションの看護師との連携により、24時間連絡できる体制を確保 | AB54: □ | AC54: 該当
C55: 重度化した場合の対応に係る指針を定め、入居の際に、利用者又はその家族等に対して当該指針の内容を説明し、同意を得ている | AB55: □ | AC55: 該当
A56: 医療連携体制加算（Ⅰ）ロ ※ 介護予防除く | B56: □ | C56: 事業所の職員として看護職員を常勤換算方法で１名以上配置 | AB56: □ | AC56: 該当 | AD56: ・報酬告示 別表５ホ注(2) ・留意事項 第二６(12) | AE56: 厚生労働大臣が定める施設基準三十四 参照
C57: 当該事業所の看護職員又は病院、診療所若しくは指定訪問看護ステーションの看護師との連携により、24時間連絡できる体制を確保（看護職員が准看護師のみである場合は、病院、診療所若しくは指定訪問看護ステーションの看護師との連携により、24時間連絡できる体制を確保） | AB57: □ | AC57: 該当
C58: 重度化した場合の対応に係る指針を定め、入居の際に、利用者又はその家族等に対して当該指針の内容を説明し、同意を得ている | AB58: □ | AC58: 該当
A59: 医療連携体制加算（Ⅰ）ハ ※ 介護予防除く | B59: □ | C59: 事業所の職員として又は病院、診療所若しくは指定訪問看護ステーションとの連携により看護師を１名以上確保 | AB59: □ | AC59: 該当 | AD59: ・報酬告示 別表５ホ注(3) ・留意事項 第二６(12) | AE59: 厚生労働大臣が定める施設基準三十四 参照
C60: 看護師により24時間連絡できる体制の確保 | AB60: □ | AC60: 該当
C61: 重度化した場合の対応に係る指針を定め、入居の際に、利用者又はその家族等に対して当該指針の内容を説明し、同意を得ている | AB61: □ | AC61: 該当
A62: 医療連携体制加算(Ⅱ) | B62: □ | C62: 医療連携体制加算（Ⅰ）イ、ロ又はハのいずれかを算定 | AB62: □ | AC62: 該当 | AD62: ・報酬告示 別表５ホ注(4) ・留意事項 第二６（12） | AE62: 厚生労働大臣が定める施設基準三十四 参照
C63: 算定日の月の前3月間において、次のいずれかに該当する状態の利用者が１人以上 ①喀痰吸引 ②人工呼吸器の使用 ③中心静脈注射 ④人工腎臓 ⑤常時モニター測定を実施 ⑥人口膀胱又は人工肛門 ⑦経鼻胃管や胃ろう等の経腸栄養 ⑧褥瘡に対する治療 ⑨気管切開 ⑩留置カテーテル ⑪インスリン注射 | AB63: □ | AC63: 該当
A64: 退去時情報提供加算 | B64: □ | C64: 入所者が退所・退去して医療機関に入院する場合、医療機関に別紙様式9を交付するとともに、交付した文書の写しを介護記録等に添付 | AB64: □ | AC64: 該当 | AD64: ・報酬告示 別表５ヘ ・予防報酬告示 別表３ニ ・留意事項 第二６（13）
C65: 利用者1人につき1回に限る | AB65: □ | AC65: 該当
A66: 退居時相談援助加算 | B66: □ | C66: 利用期間が1ヶ月を超える利用者が退居 | AB66: □ | AC66: 該当 | AD66: ・報酬告示 別表５ト ・予防報酬告示 別表３ホ ・留意事項 第二６（14）
C67: 退居後の居宅サービス又は地域密着サービスその他の保健医療、福祉サービスについての相談援助を、計画作成担当者、介護職員等が協力し、退居者及びその家族のいずれにも行う | AB67: □ | AC67: 該当
C68: 相談援助を行った日付及び内容の要点を記録 | AB68: □ | AC68: 該当
C69: 利用者の同意の上、退居日から2週間以内に市町村等に利用者の介護状況を示す文書及び居宅サービス又は地域密着型サービスに必要な情報を提供 | AB69: □ | AC69: 該当
C70: 利用者1人につき1回を限度 | AB70: □ | AC70: 該当
C71: 次の場合には算定していない ・退居して病院又は診療所へ入院する場合 ・退居して他の介護保険施設への入院若しくは入所又は認知症対応型共同生活介護、地域密着型介護老人福祉施設、（地域密着型）特定施設の利用を開始する場合 ・死亡退居の場合 | AB71: □ | AC71: 該当
A72: 認知症専門ケア加算（Ⅰ）（Ⅱ） | B72: □ | C72: 利用者総数のうち、日常生活に支障をきたす症状又は行動があるため介護を必要とする認知症の者（日常生活自立度のランクⅢ、Ⅳ又はＭ）の割合が２分の１以上 | AB72: □ | AC72: 該当 | AD72: ・報酬告示 別表５チ ・予防報酬告示 別表３ヘ ・留意事項 第二６（15） | AE72: 厚生労働大臣が定める基準三の五 参照
C73: 認知症介護に係る専門的な研修の修了者について、対象者の数が２０人未満で１以上、対象者が２０人以上の場合は１に対象者が１９を超えて１０又は端数を増すごとに１を加えた人数を配置し、チームとして専門的な認知症ケアを実施 | AB73: □ | AC73: 該当
C74: 留意事項の伝達又は技術的指導に係る会議を定期的に実施 | AB74: □ | AC74: 該当
C75: 認知症介護の指導に係る専門的な研修の修了者を１名以上配置し、事業所全体の認知症ケアの指導等を実施 | AB75: □ | AC75: （Ⅱ）該当 | AE75: H18.3.31老発第0331010号「認知症介護実践者等育成事業の実施について」、H18.3.31老計発第0331007号「認知症介護実践者等養成事業の円滑な運営について」に規定する「認知症介護実践リーダー研修」
C76: 介護職員、看護職員ごとの認知症ケアに関する研修計画の作成及び研修（外部研修を含む）の実施 | AB76: □ | AC76: （Ⅱ）該当
C77: 認知症チームケア推進加算を算定していない | AB77: □ | AC77: 該当
A78: 認知症チームケア推進加算（Ⅰ）（Ⅱ） | B78: □ | C78: 利用者総数のうち、日常生活に支障をきたす症状又は行動があるため介護を必要とする認知症の者（日常生活自立度のランクⅡ、Ⅲ、Ⅳ又はＭ）の割合が２分の１以上 | AB78: □ | AC78: 該当 | AD78: ・報酬告示 別表５リ ・予防報酬告示 別表第３ト ・留意事項 第二６（16） | AE78: R6.3.18老高発0318第1号 、 厚生労働大臣が定める施設基準五十八の五の二 参照
C79: 「認知症介護実践者等育成事業の実施について」及び「認知症介護実践者等養成事業の円滑な運営について」に規定する「認知症介護指導者養成研修」を終了し、かつ、認知症チームケア推進研修を終了した者を１名以上配置し、かつ、複数人の介護職員から成るチームを組んでいる | AB79: □ | AC79: （Ⅰ）該当
C80: 「認知症介護実践者等育成事業の実施について」及び「認知症介護実践者等養成事業の円滑な運営について」に規定する「認知症介護実践リーダー研修」を終了している者を1名以上配置し、かつ、複数人の介護職員から成るチームを組んでいる | AB80: □ | AC80: （Ⅱ）該当 | AE80: H18.3.31老発第0331010号「認知症介護実践者等育成事業の実施について」、H18.3.31老計発第0331007号「認知症介護実践者等養成事業の円滑な運営について」に規定する「認知症介護実践リーダー研修」
C81: 対象者対し、個別に認知症の行動・心理症状の評価を計画的に行い、その評価に基づく値を測定し、認知症の行動・審理症状の予防等に資するチームケアを実践している | AB81: □ | AC81: 該当
C82: 認知症の行動・心理症状の予防等に資する認知症ケアについて、 ①カンファレンスの開催②計画の作成③認知症の行動・心理症状の有無及び定期的な評価④ケアの振り返り⑤計画の見直し を対象者１人につき月１回以上行い、厚生労働省が定める書式（認知症チームケア推進加算・ワークシート）および介護記録等に記録している | AB82: □ | AC82: 該当 | AE82: R6.11.6変更
C83: 認知症専門ケア加算を算定していない | AB83: □ | AC83: 該当
A84: 生活機能向上連携加算（Ⅰ） | B84: □ | C84: 指定訪問リハビリテーション事業所、指定通所リハビリテーション事業所又は医療提供施設の理学療法士等が事業所を訪問せずに利用者の身体状況等を適切に把握した上で助言を行い、計画作成担当者がそれに基づき生活機能アセスメントを行い、（介護予防）認知症対応型共同生活介護計画を作成 | AB84: □ | AC84: 該当 | AD84: ・報酬告示 別表５ヌ ・予防報酬告示 別表３チ ・留意事項 第二６（17）
C85: （介護予防）認知症対応型共同生活介護計画は目標、介助内容等を記載したものとし、目標については利用者の意向も踏まえ策定し、可能な限り具体的かつ客観的な指標を用いて設定 | AB85: □ | AC85: 該当
C86: （介護予防）認知症対応型共同生活介護計画に基づき指定（介護予防）認知症対応型共同生活介護を提供した初回の月に限り算定 | AB86: □ | AC86: 該当
C87: ３月経過後、目標の達成度合いにつき、利用者及び理学療法士等に報告 なお、理学療法士等の助言に基づき（介護予防）認知症対応型共同生活介護計画を見直した場合には、算定可能 | AB87: □ | AC87: 該当
A88: 生活機能向上連携加算（Ⅱ） | B88: □ | C88: （介護予防）認知症対応型共同生活介護計画の作成に当たって、指定訪問リハビリテーション事業所、指定通所リハビリテーション事業所又は医療提供施設の理学療法士等が当該事業所を訪問した際、計画作成担当者と共同して利用者の生活機能アセスメントを行っている | AB88: □ | AC88: 該当 | AD88: ・報酬告示 別表５ヌ ・予防報酬告示 別表３チ ・留意事項 第二６（17）
C89: （介護予防）認知症対応型共同生活介護計画は目標、介助内容等を記載したものとし、目標については利用者の意向も踏まえ策定し、可能な限り具体的かつ客観的な指標を用いて設定 | AB89: □ | AC89: 該当
C90: （介護予防）認知症対応型共同生活介護計画に基づき提供された初回の介護が属する月を含む３月を限度として算定 | AB90: □ | AC90: 該当
C91: 算定期間中は、各月における目標の達成度合いにつき、利用者及び理学療法士等に報告し、必要な助言を得る | AB91: □ | AC91: 該当
A92: 栄養管理体制加算 | B92: □ | C92: 管理栄養士（当該事業所の従業員以外の管理栄養士を含む）が、従業者に対する栄養ケアに係る技術的助言及び指導を月１回以上行い、当該事業所において利用者の栄養ケアを推進するための課題と目標、具体的方策、留意事項等を記録 | AB92: □ | AC92: 該当 | AD92: ・報酬告示 別表５ル ・予防報酬告示 別表３リ ・留意事項 第二６（18）
C93: 定員超過利用、人員基準欠如減算に当たらない | AB93: □ | AC93: 該当
A94: 口腔衛生管理体制加算 | B94: □ | C94: 事業所において歯科医師又は歯科医師の指示を受けた歯科衛生士の技術的助言及び指導に基づき、利用者の口腔ケア・マネジメントに係る計画の作成 | AB94: □ | AC94: 該当 | AD94: ・報酬告示 別表５ヲ ・予防報酬告示 別表３ヌ ・留意事項 第二６（19）
C95: 口腔ケア・マネジメントに係る計画について、当該事業所において口腔ケアを推進するための課題と目標、具体的方策、留意事項、歯科医療機関との連携の状況、歯科医師からの指示内容の要点（歯科衛生士から技術的助言・指導を受けた場合）等を記載 | AB95: □ | AC95: 該当
C96: 介護職員に対する口腔ケアに係る技術的助言及び指導又は利用者の口腔ケア・マネジメントに係る計画に関する技術的助言及び指導は、月１回以上、歯科訪問診療又は訪問歯科衛生指導の実施時間以外の時間帯に実施 | AB96: □ | AC96: 該当
C97: 定員超過利用、人員基準欠如減算に当たらない | AB97: □ | AC97: 該当
A98: 口腔・栄養スクリーニング加算 | B98: □ | C98: 利用開始時及び６月ごとに利用者の口腔の健康状態について確認（口腔スクリーニング）を行い、その情報を当該利用者を担当する介護支援専門員に提供 | AB98: □ | AC98: 該当 | AD98: ・報酬告示 別表５ワ ・予防報酬告示 別表３ル ・留意事項 第二６（20） | AE98: R6.3.15老高発0315第2号「リハビリテーション・個別機能訓練、栄養、口腔の実施及び一体的取組について」参照
C99: 利用開始時及び６月ごとに利用者の栄養状態について確認（栄養スクリーニング）を行い、その情報を当該利用者を担当する介護支援専門員に提供 | AB99: □ | AC99: 該当
C100: 当該利用者について、当該事業所以外で既に口腔・栄養スクリーニング加算を算定している者でない | AB100: □ | AC100: 該当
C101: 定員超過利用、人員基準欠如減算に該当していない | AB101: □ | AC101: 該当
...

Sheet ②処遇改善加算
A1: 事前提出資料② 介護職員等処遇改善加算自己点検シート
A3: 点検項目 | B3: 算定有 | C3: 点検事項 | AB3: 点検結果 | AD3: 根拠法令等
A4: 介護職員等処遇改善加算(Ⅰ) | B4: □ | C4: 賃金改善に関する計画の策定、計画に基づく措置 | AB4: □ | AC4: 該当 | AD4: ・報酬告示 別表2の2ホ ・留意事項 第二3の2(28)
C5: 改善計画書の作成、周知、届出 | AB5: □ | AC5: 該当
C6: 介護職員等処遇改善加算（Ⅳ）を算定した場合に見込まれる加算額の1/2以上を基本給等に充てている | AB6: □ | AC6: 該当
C7: 旧ベースアップ加算を算定する場合に見込まれる加算額の2/3以上の基本給等の引き上げを行っている（旧ベア加算なしの事業所） | AB7: □ | AC7: 該当
C8: 介護福祉士であって、経験・技能のある介護職員のうち一人は、改善後賃金が年額440万円以上（ただし、介護職員等処遇改善加算の算定見込額が少額であることその他の理由により、当該賃金改善が困難である場合はこの限りでない） | AB8: □ | AC8: 該当
C9: 賃金改善の実施 | AB9: □ | AC9: 該当
C10: 処遇改善に関する実績の報告 | AB10: □ | AC10: 該当
C11: 前12月間に法令違反し、罰金以上の刑に処されていないこと | AB11: □ | AC11: 該当
C12: 労働保険料を適正に納付 | AB12: □ | AC12: 該当
C13: 介護職員の任用の際における職責又は職務内容等の要件（賃金に関するものを含む。）を定め、書面をもって作成し、全ての職員に周知 | AB13: □ | AC13: 該当
C14: 資質の向上の支援に関する計画の策定。研修の実施又は研修の機会を確保し、全ての介護職員に周知 | AB14: □ | AC14: 該当
C15: 経験、資格等、実技試験や人事評価等の一定の基準に基づき定期に昇給を判定する仕組みを設置し、全ての職員に周知 | AB15: □ | AC15: 該当
C16: 届出に係る計画の期間中に実施する処遇改善（賃金改善を除く）の内容を全ての介護職員に周知 | AB16: □ | AC16: 該当
... C18: サービス提供体制強化加算（Ⅰ）又は（Ⅱ）の届出 (療養通所介護費算定の場合はサービス提供体制強化加算（Ⅲ）イ又はロ） | AB18: □ | AC18: 該当
A19: 介護職員等処遇改善加算（Ⅱ） | B19: □ | C19: 賃金改善に関する計画の策定、計画に基づく措置 | AB19: □ | AC19: 該当
C20: 改善計画書の作成、周知、届出 | AB20: □ | AC20: 該当
C21: 介護職員等処遇改善加算（Ⅳ）を算定した場合に見込まれる加算額の1/2以上を基本給等に充てている | AB21: □ | AC21: 該当
C22: 旧ベースアップ加算を算定する場合に見込まれる加算額の2/3以上の基本給等の引き上げを行っている（旧ベア加算なしの事業所） | AB22: □ | AC22: 該当
C23: 介護福祉士であって、経験・技能のある介護職員のうち一人は、改善後賃金が年額440万円以上（ただし、介護職員等処遇改善加算の算定見込み額が少額であることその他の理由により、当該賃金改善が困難である場合はこの限りでない） | AB23: □ | AC23: 該当
C24: 賃金改善の実施 | AB24: □ | AC24: 該当
C25: 処遇改善に関する実績の報告 | AB25: □ | AC25: 該当
C26: 前12月間に法令違反し、罰金以上の刑に処されていないこと | AB26: □ | AC26: 該当
C27: 労働保険料を適正に納付 | AB27: □ | AC27: 該当
C28: 任用の際における職責又は職務内容等の要件（賃金に関するものを含む。）を定め、書面をもって作成し、全ての職員に周知 | AB28: □ | AC28: 該当
C29: 資質の向上の支援に関する計画の策定。研修の実施又は研修の機会を確保し、全ての介護職員に周知 | AB29: □ | AC29: 該当
C30: 経験、資格等、実技試験や人事評価等の一定の基準に基づき定期に昇給を判定する仕組みを設置し、全ての職員に周知 | AB30: □ | AC30: 該当
C31: 届出に係る計画の期間中に実施する処遇改善（賃金改善を除く）の内容を全ての介護職員に周知 | AB31: □ | AC31: 該当
C32: 実施した職場環境改善の内容等について、インターネット等により公表 | AB32: □ | AC32: 該当
A33: 介護職員等処遇改善加算（Ⅲ） | B33: □ | C33: 賃金改善に関する計画の策定、計画に基づく措置 | AB33: □ | AC33: 該当
C34: 改善計画書の作成、周知、届出 | AB34: □ | AC34: 該当
C35: 介護職員等処遇改善加算（Ⅳ）を算定した場合に見込まれる加算額の1/2以上を基本給等に充てている | AB35: □ | AC35: 該当
C36: 旧ベースアップ加算を算定する場合に見込まれる加算額の2/3以上の基本給等の引き上げを行っている（旧ベア加算なしの事業所） | AB36: □ | AC36: 該当
C37: 賃金改善の実施 | AB37: □ | AC37: 該当
C38: 処遇改善に関する実績の報告 | AB38: □ | AC38: 該当
C39: 前12月間に法令違反し、罰金以上の刑に処されていないこと | AB39: □ | AC39: 該当
C40: 労働保険料を適正に納付 | AB40: □ | AC40: 該当
C41: 任用の際における職責又は職務内容等の要件（賃金に関するものを含む。）を定め、書面をもって作成し、全ての職員に周知 | AB41: □ | AC41: 該当
C42: 資質の向上の支援に関する計画の策定。研修の実施又は研修の機会を確保し、全ての介護職員に周知 | AB42: □ | AC42: 該当
C43: 経験、資格等、実技試験や人事評価等の一定の基準に基づき定期に昇給を判定する仕組みを設置し、全ての職員に周知 | AB43: □ | AC43: 該当
C44: 職場環境改善の取組 | AB44: □ | AC44: 該当
C45: 届出に係る計画の期間中に実施する処遇改善（賃金改善を除く）の内容を全ての介護職員に周知 | AB45: □ | AC45: 該当
A46: 介護職員等処遇改善加算(Ⅳ) | B46: □ | C46: 賃金改善に関する計画の策定、計画に基づく措置 | AB46: □ | AC46: 該当
C47: 改善計画書の作成、周知、届出 | AB47: □ | AC47: 該当
C48: 介護職員等処遇改善加算（Ⅳ）を算定した場合に見込まれる加算額の1/2以上を基本給等に充てている | AB48: □ | AC48: 該当
C49: 旧ベースアップ加算を算定する場合に見込まれる加算額の2/3以上の基本給等の引き上げを行っている（旧ベア加算なしの事業所） | AB49: □ | AC49: 該当
C50: 賃金改善の実施 | AB50: □ | AC50: 該当
C51: 処遇改善に関する実績の報告 | AB51: □ | AC51: 該当
C52: 前12月間に法令違反し、罰金以上の刑に処されていないこと | AB52: □ | AC52: 該当
C53: 労働保険料を適正に納付 | AB53: □ | AC53: 該当
C54: 任用の際における職責又は職務内容等の要件（賃金に関するものを含む。）を定め、書面をもって作成し、全ての職員に周知 | AB54: □ | AC54: 該当
C55: 資質の向上の支援に関する計画の策定。研修の実施又は研修の機会を確保し、全ての介護職員に周知 | AB55: □ | AC55: 該当
C56: 職場環境改善の取組 | AB56: □ | AC56: 該当
C57: 届出に係る計画の期間中に実施する処遇改善（賃金改善を除く）の内容を全ての介護職員に周知 | AB57: □ | AC57: 該当

Sheet ④附票１
A1: 事前提出資料④ 附票１ 入居者状況（ユニット別） | AP1: 事業者名 | BR1: ユニット名
A3: 注１ 直近１年分について記入。
A4: 注２ 枠内に利用者名を記入。また、入退居日を（ ）書きで併記してください。
A5: 注３ 同一月内に利用者の入退居があった場合は、氏名を２段書き等により記入し、退居月日及び入居月日を（ ）書きで併記してください。
A6: 注４ 短期利用者がいる場合は、当該利用者についても記載してください（氏名の後に「（短期）」等の記載をしてください。）。
A8: 入院･外泊のあった利用者数（実数） | AF8: 人 | AH8: 当該利用者氏名
A9: 居室名等 | B9: 令和 | H9: 年 | J9: 令和 | P9: 年 | R9: 令和 | X9: 年 | Z9: 令和 | AF9: 年 | AH9: 令和 | AN9: 年 | AP9: 令和 | AV9: 年 | AX9: 令和 | BD9: 年 | BF9: 令和 | BL9: 年 | BN9: 令和 | BT9: 年 | BV9: 令和 | CB9: 年 | CD9: 令和 | CJ9: 年 | CL9: 令和 | CR9: 年
A10: （床面積：㎡） | F10: 月 | N10: 月 | V10: 月 | AD10: 月 | AL10: 月 | AT10: 月 | BB10: 月 | BJ10: 月 | BR10: 月 | BZ10: 月 | CH10: 月 | CP10: 月
A12: ㎡
A14: ㎡
A16: ㎡
A18: ㎡
A20: ㎡
A22: ㎡
A24: ㎡
A26: ㎡
A28: ㎡

Sheet ⑤附票２
A1: 事前提出資料⑤ 附票２ 報酬請求状況（ユニット別） | J1: 事業者名 | K1: =IF('④附票１'!$AX$1="","",'④附票１'!$AX$1) | N1: ユニット名 | O1: =IF('④附票１'!$CB$1="","",'④附票１'!$CB$1)
A3: 注１ 月ごとに別葉とし、直近３か月（書類提出月を含まない）分を作成してください。
A4: 注２ 居室番号を付した建物の平面図を添付してください。
A5: 注３ 短期利用者がいる場合は、当該利用者についても記載してください（氏名の後に「（短期）」等の記載をしてください。）。
A7: 居室名等 | B7: サービス提供月 | D7: 令和 | F7: 年 | H7: 月
B8: 利用者氏名 | C8: 保険者名 | D8: 要介護度 | E8: 認知症 日常生活自立度 ※ 該当の場合 | F8: 報酬請求日数 | G8: 介護報酬額 （①+②） | J8: 本人からの領収額（単位：円）
C9: （市町村） | I9: ①国保連からの受領額（9,8又は7割） | J9: ②介護報酬自己負担額 （1,2又は3割） | K9: その他の費用（徴収している費目全てを記入すること。） | P9: 本人からの領収 合計額 （②+③）
A10: （附票１と一致） | B10: （入居期間） | C10: 被保険者 番号 | K10: ア | L10: イ | M10: ウ | N10: エ | O10: ③その他の 費用小計 （ア～エ）
G11: 単位：円 | I11: 単位：円
A12: =IFERROR('④附票１'!A11,0) -> 0 | G12: =I12+J12 -> 0 | O12: =K12+L12+M12+N12 -> 0 | P12: =O12+J12 -> 0
A14: =IFERROR('④附票１'!A13,0) -> 0 | G14: =I14+J14 -> 0 | O14: =K14+L14+M14+N14 -> 0 | P14: =O14+J14 -> 0
A16: =IFERROR('④附票１'!A15,0) -> 0 | G16: =I16+J16 -> 0 | O16: =K16+L16+M16+N16 -> 0 | P16: =O16+J16 -> 0
A18: =IFERROR('④附票１'!A17,0) -> 0 | G18: =I18+J18 -> 0 | O18: =K18+L18+M18+N18 -> 0 | P18: =O18+J18 -> 0
A20: =IFERROR('④附票１'!A19,0) -> 0 | G20: =I20+J20 -> 0 | O20: =K20+L20+M20+N20 -> 0 | P20: =O20+J20 -> 0
A22: =IFERROR('④附票１'!A21,0) -> 0 | G22: =I22+J22 -> 0 | O22: =K22+L22+M22+N22 -> 0 | P22: =O22+J22 -> 0
A24: =IFERROR('④附票１'!A23,0) -> 0 | G24: =I24+J24 -> 0 | O24: =K24+L24+M24+N24 -> 0 | P24: =O24+J24 -> 0
A26: =IFERROR('④附票１'!A25,0) -> 0 | G26: =I26+J26 -> 0 | O26: =K26+L26+M26+N26 -> 0 | P26: =O26+J26 -> 0
A28: =IFERROR('④附票１'!A27,0) -> 0 | G28: =I28+J28 -> 0 | O28: =K28+L28+M28+N28 -> 0 | P28: =O28+J28 -> 0
